 Dungeon Crawl Stone Soup version 0.31.0-32-g396128a36d (webtiles) character file.

Game seed: 11951761889418959724

282 SolCadguy the Insei (level 6, 0/30 HPs)
             Began as a Merfolk Shapeshifter on Apr 7, 2024.
             Slain by a jelly (2 damage)
             ... on level 6 of the Dungeon.
             The game lasted 00:11:42 (3059 turns).

SolCadguy the Insei (Merfolk Shapeshifter)          Turns: 3059, Time: 00:11:42

Health: 0/30       AC: -2    Str: 14    XL:     6   Next: 28%
Magic:  6/6        EV: 17    Int:  9    God:
Gold:   132        SH:  0    Dex: 16    Spells: 2/5 levels left

rFire   . .          .
                       - Unarmed
rCold   . . .        (shield currently unavailable)
rNeg    . . .        a - melded +0 animal skin
rPois   .            z - +0 helmet
rElec   .            o - scarf {+Inv}
rCorr   .            (no gloves)
SInv    .            r - +0 pair of boots
Will    .....        (no amulet)
Stlth   +            (no ring)
HPRegen 0.25/turn    (no ring)
MPRegen 0.10/turn

%: no passive effects
@: flux-form, corroded, glowing
A: glow, contaminating, reduced hp, (nimble swimmer 2), mertail
a: Begin Untransformation, Evoke Invisibility


You were on level 6 of the Dungeon.
You were something dangerously unstable.
You visited 1 branch of the dungeon, and saw 6 of its levels.

You collected 186 gold pieces.
You spent 54 gold pieces at shops.

Inventory:

Hand Weapons
 k - a +0 long sword of holy wrath
 q - a +1 dagger of venom
Missiles
 i - 39 stones
 s - 4 curare-tipped darts
 u - 2 atropa-tipped darts
 v - 2 poisoned darts (quivered)
 x - 5 datura-tipped darts
Armour
 a - a +0 animal skin (melded)
 e - a +0 robe
 f - a +0 ring mail
 o - a scarf of invisibility (worn)
 r - a +0 pair of boots (worn)
 z - a +0 helmet (worn)
Jewellery
 g - an amulet of faith
Talismans
 c - a beast talisman
 d - a flux talisman (active)
Wands
 B - a wand of iceblast (6)
Scrolls
 b - a scroll of immolation
 p - 6 scrolls of identify {unknown}
 t - a scroll of fog {unknown}
 w - a scroll of blinking {unknown}
 y - a scroll of butterflies {unknown}
 A - a scroll of poison {unknown}
 C - a scroll of fear
Potions
 h - 2 potions of heal wounds {unknown}
 j - 2 potions of brilliance
 l - a potion of haste {unknown}
 m - 2 potions of curing {unknown}
 n - a potion of ambrosia {unknown}


   Skills:
 - Level 1.1 Fighting
 - Level 3.0 Throwing
 + Level 3.1 Dodging
 + Level 6.4 Unarmed Combat
 - Level 4.0 Shapeshifting


You had 2 spell levels left.
You knew the following spells:

 Your Spells              Type           Power      Damage    Failure   Level
a - Magic Dart            Conj           0%         1d3       38%         1
b - Blink                 Tloc           0%         N/A       52%         2

Your spell library contained the following spells:

 Spells                   Type           Power      Damage    Failure   Level
 Apportation              Tloc           0%         N/A       38%         1
 Call Imp                 Summ           0%         N/A       52%         2
 Jinxbite                 Hex            0%         N/A       52%         2
 Alistair's Intoxication  Alch           0%         N/A       100%        5
 Yara's Violent Unravell  Hex/Alch       0%         3d3       100%        5
 Enfeeble                 Hex            0%         N/A       100%        7


Dungeon Overview and Level Annotations

Branches:
Dungeon (5/15)
 Temple: D:4-7

Altars:
Ashenzari
Fedhas
Qazlal
Trog
Uskayaw
Xom

Shops:
D:1 *   D:4 (


Innate Abilities, Weirdness & Mutations

You are something dangerously unstable.
You glow with magical radiation, making you easy to see and hit.
Foes you strike become dangerously contaminated with magical radiation.
Your maximum health is decreased, since you lack skill for your form.
You are incapable of wielding weapons or throwing items.
((You are very nimble when in or above water. (Stealth+, EV+, Speed+++)))
Your lower body shifts to a powerful aquatic tail in water.


Message History

You kill the kobold!
Things that are here:
a +0 whip; a kobold corpse As you open the door, it creaks loudly!
A jelly and an endoplasm come into view.
The jelly quivers.
Found a bat skeleton. 2 slime creatures, 2 endoplasms and 3 jellies come into view.
Found three hobgoblin skeletons and a scroll of teleportation.
Found six altars.
The endoplasm quivers.
The slime creature quivers. x2; The endoplasm quivers.
Two slime creatures merge to form a large slime creature.
There is an open door here.
The endoplasm hits the toadstool.
Things that are here:
a +0 whip; a kobold corpse
Aiming: Iceblast
Press: ? - help, Shift-Dir - straight line, f - jelly
Aim: a jelly
Okay, then.
There are monsters nearby!
Aiming: Iceblast
Press: ? - help, Shift-Dir - straight line, f - jelly
Aim: a jelly The mass of ice explodes!
The iceblast engulfs the jelly!
The jelly is almost dead.
The jelly hits you but does no damage.
You hit the jelly but do no damage.
The jelly begins to glow.
The acid corrodes you!
Your hands burn!
The jelly is almost dead.
The jelly hits you.
You are splashed with acid!
You hit the jelly but do no damage.
The jelly glows dangerously bright.
Your hands burn!
The jelly is almost dead.
The jelly hits you.
You are splashed with acid!
* * * LOW HITPOINT WARNING * * *
The endoplasm jiggles.
The jelly attacks as it pursues you! The jelly barely misses you.
The jelly attacks as it pursues you! The jelly hits you.
You die...

##'''##
##...##
##....[##
#.......#
#...)...#
#.......#
#.[.....#
####....#
##Jp'....#
#.########
##..J.J.##
#######'#
...J._.P.#
...PJPJJ.#
.....J÷P.#
...J.÷J.J#
.P.P._.P.#


You could see a jelly (heavy contam).

Vanquished Creatures
  A scorpion (D:4)
  A bombardier beetle (D:4)
  An iguana (D:4)
  2 orc wizards
  5 adders
  2 dart slugs
  10 orcs
  5 bats
  2 endoplasms
  3 giant cockroaches
  2 goblins
  5 hobgoblins
  4 jackals (D:1)
  2 quokkas (D:3)
  4 ball pythons (D:1)
  2 frilled lizards
  9 kobolds
  3 rats
63 creatures vanquished.

Notes
Turn   | Place    | Note
-------+----------+-------------------------------------------
     0 | D:1      | SolCadguy the Merfolk Shapeshifter began the quest for the
                  | Orb.
     0 | D:1      | Reached XP level 1. HP: 15/15 MP: 1/1
   102 | D:1      | Found Xapnial's General Store.
   123 | D:1      | Reached XP level 2. HP: 21/21 MP: 2/2
   180 | D:1      | Reached skill level 4 in Unarmed Combat
   620 | D:2      | Reached XP level 3. HP: 26/26 MP: 3/3
  1078 | D:3      | Reached skill level 5 in Unarmed Combat
  1386 | D:3      | You fall into a shaft and drop 2 floors!
  1386 | D:5      | Entered Level 5 of the Dungeon
  1437 | D:5      | Reached XP level 4. HP: 32/32 MP: 4/4
  1477 | D:5      | Reached skill level 1 in Throwing
  1622 | D:5      | Noticed a centaur
  1632 | D:4      | Noticed a scorpion
  1639 | D:4      | Reached XP level 5. HP: 37/37 MP: 5/5
  1644 | D:4      | Reached skill level 6 in Unarmed Combat
  1708 | D:4      | Found Zoph's Weapon Boutique.
  1773 | D:4      | Bought 5 datura-tipped darts for 54 gold pieces
  2030 | D:3      | Reached XP level 6. HP: 30/43 MP: 6/6
  2737 | D:4      | You fall into a shaft and drop 2 floors!
  2839 | D:6      | Learned a level 1 spell: Magic Dart
  2842 | D:6      | Learned a level 2 spell: Blink
  3045 | D:6      | Found a shimmering altar of Xom.
  3045 | D:6      | Found a stormy altar of Qazlal.
  3045 | D:6      | Found a bloodstained altar of Trog.
  3045 | D:6      | Found a blossoming altar of Fedhas.
  3045 | D:6      | Found a broken altar of Ashenzari.
  3045 | D:6      | Found a hide-covered altar of Uskayaw.
  3045 | D:6      | Noticed a slime creature
  3045 | D:6      | Noticed a slime creature
  3055 | D:6      | HP: 1/30 [acid (10)]
  3059 | D:6      | Slain by a jelly

Illustrated notes

Levels and vault maps discovered:
D:1:      amcnicky_arrival_single_pillar, layout_rooms, serial_shops,
          nicolae_shop_real_fake_doors
D:2:      layout_rooms
D:3:      layout_basic
D:4:      layout_basic, serial_shops, nicolae_shop_tiny_statue_garden
D:5:      layout_cave_pods, chequers_serial_rivers_micro_c,
          hangedman_decor_slide_cut, uniq_menkaure
D:6:      cheibrodos_fertilizer, layout_loops_corners, chequers_jeans,
          minmay_misc_feat_rows, minmay_misc_feat_enclosed,
          chequers_serial_rivers_room_b

Skill      XL: |  1  2  3  4  5  6 |
---------------+-------------------+-----
Unarmed Combat | 4 5 6 |  6.4
Throwing       | 2 3 |  3.0
Dodging        | 3 |  3.1
Fighting       | |  1.1
Shapeshifting  | |  4.0

Action                     |  1- 3 |  4- 6 || total
---------------------------+-------+-------++-------
  Melee: Unarmed           |    67 |    91 ||   158
         Punch             |     2 |     2 ||     4
  Throw: Stone             |     4 |       ||     4
         Dart              |     5 |     9 ||    14
Ability: Begin Untransform |     1 |     2 ||     3
  Evoke: Wand              |       |     1 ||     1
    Use: Potion            |     1 |     1 ||     2
         Scroll            |     5 |       ||     5
   Stab: Sleeping          |     2 |       ||     2
 Armour: Animal skin       |    33 |    22 ||    55
         Skin              |     1 |    20 ||    21
  Dodge: Dodged            |    27 |    59 ||    86
   Form: Beast             |     1 |     1 ||     2
         Flux              |       |     1 ||     1
